[ AOE2 MATCH · #465471971 ]
1v1 RMMaya vs Vietnamese
Player's team · WIN
[ REPLAY ANALYSIS · EXTRACTED FROM THE RECORDED GAME ]
Feudal
11:00
Castle
14:55
Imperial
31:25
| APM avg | 24.2 |
| APM peak | 71 |
| eAPM avg | 20.6 |
| Villagers / military | 163 / 107 |
Focus
⚔️ 23.6% · 🌾 76.4%
Eagle Scout ×59 · Plumed Archer ×33 · Trebuchet (Packed) ×11 · Monk ×2 · Mangonel ×2
Feudal
9:39
Castle
19:08
Imperial
35:01
| APM avg | 23.6 |
| APM peak | 53 |
| eAPM avg | 15.3 |
| Villagers / military | 79 / 134 |
Focus
⚔️ 36.4% · 🌾 63.6%
Skirmisher ×87 · Spearman ×32 · Battering Ram ×9 · Mangonel ×3 · Archer ×2 · Bombard Cannon ×1
Match map
Initial resources + every placement click. Lines = walls · curves = elevation contours. ◆ gold · ⬟ stone · ● berries · ✦ relic · ◌ wall gap
Your base· ✓ Closed at 14:55 · 0t walls · 2 gate(s)
DerBrockenmann's base· ✓ Closed at 19:08 · 0t walls · 2 gate(s)
Smoothed initial terrain · ◌ = detected wall gap · hover for details
Inputs per minute
— Orange Jiangzc - - DerBrockenmann
Build order — Orange Jiangzc
First 150 of 525 actions detected
| 0:05 | Create | Villager (Male) |
| 0:05 | Create | Villager (Male) |
| 0:06 | Create | Villager (Male) |
| 0:09 | Build | House |
| 0:11 | Build | House |
| 0:19 | Research | Loom |
| 0:20 | Create | Villager (Male) |
| 0:21 | Create | Villager (Male) |
| 0:39 | Create | Villager (Male) |
| 1:47 | Create | Villager (Male) |
| 1:47 | Create | Villager (Male) |
| 2:04 | Build | Lumber Camp |
| 2:15 | Create | Villager (Male) |
| 2:15 | Create | Villager (Male) |
| 2:29 | Create | Villager (Male) |
| 2:29 | Create | Villager (Male) |
| 2:30 | Create | Villager (Male) |
| 3:04 | Create | Villager (Male) |
| 3:04 | Create | Villager (Male) |
| 3:37 | Create | Villager (Male) |
| 3:37 | Create | Villager (Male) |
| 3:38 | Create | Villager (Male) |
| 3:48 | Build | Mill |
| 4:00 | Create | Villager (Male) |
| 4:01 | Create | Villager (Male) |
| 4:07 | Build | House |
| 4:38 | Create | Villager (Male) |
| 4:38 | Create | Villager (Male) |
| 4:38 | Create | Villager (Male) |
| 4:38 | Create | Villager (Male) |
| 5:18 | Create | Villager (Male) |
| 5:18 | Create | Villager (Male) |
| 5:28 | Build | House |
| 5:35 | Build | House |
| 6:20 | Create | Villager (Male) |
| 6:20 | Create | Villager (Male) |
| 6:20 | Create | Villager (Male) |
| 6:30 | Create | Villager (Male) |
| 6:30 | Create | Villager (Male) |
| 6:30 | Create | Villager (Male) |
| 6:31 | Create | Villager (Male) |
| 7:03 | Build | Mill |
| 7:42 | Build | Mining Camp |
| 8:03 | Create | Villager (Male) |
| 8:46 | Research | Feudal Age |
| 9:41 | Create | Villager (Male) |
| 9:41 | Create | Villager (Male) |
| 10:08 | Create | Villager (Male) |
| 11:00 | Age | Feudal Age |
| 11:03 | Build | Market |
| 11:08 | Build | Blacksmith |
| 12:11 | Research | Castle Age |
| 12:11 | Research | Castle Age |
| 12:11 | Research | Castle Age |
| 12:48 | Build | Barracks |
| 13:15 | Research | Double-Bit Axe |
| 13:37 | Build | Farm |
| 13:37 | Build | Farm |
| 13:38 | Build | Farm |
| 13:38 | Build | Farm |
| 13:38 | Build | Farm |
| 13:39 | Build | Farm |
| 13:40 | Build | Farm |
| 13:40 | Build | Farm |
| 13:40 | Build | Farm |
| 13:41 | Build | Farm |
| 13:41 | Build | Farm |
| 13:41 | Build | Farm |
| 13:41 | Build | Farm |
| 13:42 | Build | Farm |
| 13:42 | Build | Farm |
| 13:42 | Build | Farm |
| 13:43 | Build | Farm |
| 13:43 | Build | Farm |
| 13:43 | Build | Farm |
| 13:44 | Build | Farm |
| 13:44 | Build | Farm |
| 13:44 | Build | Farm |
| 13:45 | Build | Farm |
| 13:45 | Build | Farm |
| 13:45 | Build | Farm |
| 13:46 | Build | Farm |
| 13:46 | Build | Farm |
| 13:46 | Build | Farm |
| 13:46 | Build | Farm |
| 13:47 | Build | Farm |
| 13:47 | Build | Farm |
| 13:47 | Build | Farm |
| 13:48 | Build | Farm |
| 13:48 | Build | Farm |
| 13:48 | Build | Farm |
| 13:48 | Build | Farm |
| 13:49 | Build | Farm |
| 13:49 | Build | Farm |
| 13:50 | Build | Farm |
| 13:50 | Build | Farm |
| 13:50 | Build | Farm |
| 13:50 | Build | Farm |
| 13:51 | Build | Farm |
| 13:51 | Build | Farm |
| 13:51 | Build | Farm |
| 13:52 | Build | Farm |
| 13:52 | Build | Farm |
| 13:52 | Build | Farm |
| 13:53 | Build | Farm |
| 13:53 | Build | Farm |
| 13:53 | Build | Farm |
| 13:53 | Build | Farm |
| 13:54 | Build | Farm |
| 13:54 | Build | Farm |
| 13:54 | Build | Farm |
| 13:55 | Build | Farm |
| 13:55 | Build | Farm |
| 13:55 | Build | Farm |
| 13:56 | Build | Farm |
| 13:56 | Build | Farm |
| 13:56 | Build | Farm |
| 13:57 | Build | Farm |
| 13:57 | Build | Farm |
| 13:57 | Build | Farm |
| 13:58 | Build | Farm |
| 13:58 | Build | Farm |
| 13:59 | Build | Farm |
| 13:59 | Build | Farm |
| 13:59 | Build | Farm |
| 14:07 | Build | House |
| 14:21 | Create | Eagle Scout |
| 14:21 | Create | Eagle Scout |
| 14:37 | Build | Farm |
| 14:43 | Research | Horse Collar |
| 14:49 | Build | House |
| 14:51 | Build | House |
| 14:55 | Age | Castle Age |
| 15:01 | Create | Villager (Male) |
| 15:01 | Create | Villager (Male) |
| 15:18 | Build | Town Center |
| 15:31 | Create | Villager (Male) |
| 16:00 | Build | Monastery |
| 16:30 | Build | House |
| 16:32 | Build | House |
| 16:51 | Create | Monk |
| 16:51 | Create | Monk |
| 16:55 | Create | Villager (Male) |
| 16:55 | Create | Villager (Male) |
| 16:57 | Create | Villager (Male) |
| 17:10 | Create | Villager (Male) |
| 17:10 | Create | Villager (Male) |
| 17:18 | Build | Farm |
| 17:19 | Build | Farm |
| 17:19 | Build | Farm |
Build order — DerBrockenmann
First 150 of 345 actions detected
| 0:01 | Create | Villager (Male) |
| 0:01 | Create | Villager (Male) |
| 0:02 | Build | House |
| 0:04 | Build | House |
| 0:22 | Create | Villager (Male) |
| 0:23 | Create | Villager (Male) |
| 1:38 | Create | Villager (Male) |
| 1:52 | Build | Lumber Camp |
| 2:13 | Create | Villager (Male) |
| 2:30 | Create | Villager (Male) |
| 2:52 | Create | Villager (Male) |
| 3:20 | Create | Villager (Male) |
| 3:25 | Build | House |
| 3:52 | Create | Villager (Male) |
| 4:43 | Create | Villager (Male) |
| 4:48 | Create | Villager (Male) |
| 5:12 | Build | Mill |
| 5:29 | Create | Villager (Male) |
| 5:54 | Create | Villager (Male) |
| 6:39 | Create | Villager (Male) |
| 6:53 | Create | Villager (Male) |
| 6:55 | Build | House |
| 7:27 | Research | Feudal Age |
| 8:44 | Create | Villager (Male) |
| 9:37 | Build | Mill |
| 9:39 | Age | Feudal Age |
| 9:51 | Research | Double-Bit Axe |
| 9:54 | Research | Horse Collar |
| 10:06 | Build | Lumber Camp |
| 10:09 | Create | Villager (Male) |
| 10:10 | Create | Villager (Male) |
| 10:35 | Build | House |
| 10:39 | Build | House |
| 10:41 | Build | House |
| 10:44 | Create | Villager (Male) |
| 10:59 | Build | Barracks |
| 11:04 | Create | Villager (Male) |
| 11:22 | Research | Wheelbarrow |
| 11:23 | Create | Villager (Male) |
| 11:29 | Build | Farm |
| 11:41 | Build | Farm |
| 11:55 | Create | Villager (Male) |
| 11:58 | Build | Archery Range |
| 12:13 | Build | Blacksmith |
| 12:16 | Create | Villager (Male) |
| 12:29 | Build | Farm |
| 12:31 | Create | Villager (Male) |
| 12:32 | Research | Loom |
| 12:35 | Build | Farm |
| 13:04 | Build | Market |
| 13:13 | Build | Farm |
| 13:22 | Build | Farm |
| 13:48 | Build | Farm |
| 13:58 | Create | Villager (Male) |
| 14:11 | Build | Mining Camp |
| 14:15 | Create | Villager (Male) |
| 14:46 | Create | Villager (Male) |
| 15:00 | Build | House |
| 15:02 | Build | House |
| 15:03 | Build | House |
| 15:04 | Build | House |
| 15:20 | Create | Villager (Male) |
| 15:54 | Create | Villager (Male) |
| 16:28 | Research | Castle Age |
| 16:58 | Create | Villager (Male) |
| 17:08 | Create | Skirmisher |
| 17:09 | Create | Skirmisher |
| 17:32 | Build | Archery Range |
| 17:38 | Create | Skirmisher |
| 18:00 | Build | Mining Camp |
| 18:14 | Create | Skirmisher |
| 18:28 | Create | Skirmisher |
| 18:29 | Create | Skirmisher |
| 18:41 | Create | Villager (Male) |
| 18:45 | Research | Fletching |
| 19:08 | Age | Castle Age |
| 19:11 | Research | Bow Saw |
| 19:23 | Research | Heavy Plow |
| 19:30 | Research | Elite Skirmisher (upgrade) |
| 19:39 | Build | Farm |
| 19:53 | Build | Town Center |
| 19:59 | Create | Villager (Male) |
| 20:02 | Build | Farm |
| 20:35 | Build | Farm |
| 20:37 | Create | Villager (Male) |
| 20:58 | Build | University |
| 21:04 | Create | Villager (Male) |
| 21:08 | Build | Farm |
| 21:13 | Create | Villager (Male) |
| 21:19 | Create | Skirmisher |
| 21:20 | Create | Skirmisher |
| 21:32 | Build | Farm |
| 21:37 | Create | Villager (Male) |
| 21:51 | Create | Villager (Male) |
| 21:52 | Create | Villager (Male) |
| 22:02 | Create | Villager (Male) |
| 22:04 | Build | Farm |
| 22:16 | Research | Ballistics |
| 22:19 | Create | Villager (Male) |
| 22:21 | Create | Villager (Male) |
| 22:27 | Build | Farm |
| 22:42 | Create | Skirmisher |
| 22:42 | Create | Skirmisher |
| 22:47 | Research | Padded Archer Armor |
| 22:57 | Build | Farm |
| 22:59 | Create | Villager (Male) |
| 23:00 | Create | Villager (Male) |
| 23:19 | Build | Farm |
| 23:22 | Create | Villager (Male) |
| 23:26 | Create | Villager (Male) |
| 23:38 | Create | Villager (Male) |
| 23:50 | Build | Farm |
| 23:53 | Create | Villager (Male) |
| 24:10 | Create | Villager (Male) |
| 24:11 | Create | Villager (Male) |
| 24:14 | Build | Farm |
| 24:29 | Create | Villager (Male) |
| 24:30 | Create | Villager (Male) |
| 24:40 | Build | Farm |
| 24:53 | Build | House |
| 24:54 | Build | House |
| 24:54 | Build | House |
| 24:54 | Build | House |
| 24:55 | Build | House |
| 24:55 | Build | House |
| 24:55 | Build | House |
| 24:56 | Build | House |
| 24:56 | Build | House |
| 24:56 | Build | House |
| 25:00 | Create | Villager (Male) |
| 25:03 | Create | Villager (Male) |
| 25:06 | Build | Farm |
| 25:22 | Research | Bodkin Arrow |
| 25:42 | Build | Castle |
| 25:48 | Create | Skirmisher |
| 25:48 | Create | Skirmisher |
| 25:56 | Research | Leather Archer Armor |
| 26:06 | Build | Farm |
| 26:09 | Build | Farm |
| 26:11 | Create | Villager (Male) |
| 26:12 | Create | Villager (Male) |
| 26:15 | Create | Villager (Male) |
| 26:17 | Create | Villager (Male) |
| 26:30 | Create | Skirmisher |
| 26:31 | Create | Skirmisher |
| 26:33 | Build | Archery Range |
| 26:37 | Build | Archery Range |
| 26:40 | Create | Skirmisher |
| 26:41 | Create | Skirmisher |
| 26:51 | Build | Mining Camp |
Match timeline
| 9:39 | DerBrockenmann · age_up feudal |
| 10:59 | DerBrockenmann · first_building Barracks |
| 11:00 | Orange Jiangzc · age_up feudal |
| 11:58 | DerBrockenmann · first_building Archery Range |
| 12:48 | Orange Jiangzc · first_building Barracks |
| 14:55 | Orange Jiangzc · age_up castle |
| 15:30 | DerBrockenmann · first_market_sell 100 wood |
| 16:00 | Orange Jiangzc · first_building Monastery |
| 19:08 | DerBrockenmann · age_up castle |
| 23:00 | Orange Jiangzc · first_building Archery Range |
| 25:42 | DerBrockenmann · first_building Castle |
| 27:41 | Orange Jiangzc · first_building Castle |
| 28:46 | Orange Jiangzc · first_building Siege Workshop |
| 29:06 | DerBrockenmann · first_building Siege Workshop |
| 31:25 | Orange Jiangzc · age_up imperial |
| 31:48 | DerBrockenmann · first_market_buy 100 food |
| 35:01 | DerBrockenmann · age_up imperial |
| 42:14 | DerBrockenmann · resign |
[ AI ANALYSIS · 1 CREDIT ]
What really happened in this match?
Wolo.gg analyzes every decision: build order, eco, micro, common mistakes by bracket. Personalized analysis on WhatsApp or Discord in 30 seconds.
Civ guide
Maya
Map guide
Arena
Perfil
Orange Jiangzc